NCAA
GEORGETOWN HOYAS @ OHIO STATE BUCKEYES
04/14/2028
 
TOP OF THE 1ST
Georgetown Hoyas batting - Pitching for Ohio State Buckeyes : RHP Peter Russell
Pitching: RHP Peter Russell
Batting: RHB Mitchell Pate 0-0: Ball
1-0: Foul Ball, location: 2F
1-1: Ball
2-1: SINGLE (Line Drive, 7LS)
Batting: RHB Terry Davis 0-0: Ball
1-0: SINGLE (Line Drive, 6M)
Mitchell Pate to second
Batting: LHB Pedro Escobar 0-0: Ball
1-0: Ball
2-0: Swinging Strike
2-1: Fly out, F4 (Line Drive, 4)
Batting: RHB Glenn Rojas 0-0: Ball
1-0: Ball
2-0: SINGLE (Line Drive, 7S)
Mitchell Pate to third
Terry Davis to second
Runner from 3rd tries for Home, SAFE, throw made home
Batting: SHB Bob Allen 0-0: Ball
1-0: Ball
2-0: Ball
3-0: Base on Balls
Terry Davis to third
Glenn Rojas to second
Batting: RHB Louis Miller 0-0: Swinging Strike
0-1: Foul Ball, location: 2F
0-2: Ball
1-2: Ball
2-2: Strikes out looking
Batting: RHB Javier Moreno 0-0: Called Strike
0-1: Ball
1-1: Foul Ball, location: 2F
1-2: Ball
2-2: Fly out, F5 (Line Drive, 5S)
Top of the 1st over - 1 run(s), 3 hit(s), 0 error(s), 3 left on base; Georgetown 1 - Ohio State 0
BOTTOM OF THE 1ST
Ohio State Buckeyes batting - Pitching for Georgetown Hoyas : RHP Ira Saldańa
Pitching: RHP Ira Saldańa
Batting: RHB Rudy Boyd 0-0: Called Strike
0-1: Called Strike
0-2: Reached on error, E5 (Groundball, 56)
Batting: RHB Josh Joyner 0-0: Called Strike
0-1: Ball
1-1: Ball
2-1: Ball
3-1: Base on Balls
Batting: LHB Kenneth Key 0-0: Foul Ball, location: 2F
0-1: Ball
1-1: Called Strike
1-2: Ball
2-2: Ball
3-2: Base on Balls
Rudy Boyd to third
Josh Joyner to second
Batting: RHB Jeff Peterson 0-0: Called Strike
0-1: Ball
1-1: DOUBLE (Groundball, 5L)
Rudy Boyd scores
Josh Joyner scores
Kenneth Key to third
Runner from 3rd tries for Home, SAFE, throw made home
Batting: LHB Josh Armstrong 0-0: Ball
1-0: Called Strike
1-1: Ball
2-1: Ball
3-1: Foul Ball, location: 2F
3-2: Strikes out looking
Batting: RHB Pat Dwyer 0-0: Called Strike
0-1: Swinging Strike
0-2: Ball
1-2: Strikes out swinging
Batting: RHB Edgardo Gonzáles 0-0: Ball
1-0: Fly out, F4 (Popup, 34D)
Bottom of the 1st over - 3 run(s), 1 hit(s), 1 error(s), 1 left on base; Georgetown 1 - Ohio State 3
TOP OF THE 2ND
Georgetown Hoyas batting - Pitching for Ohio State Buckeyes : RHP Peter Russell
Batting: RHB Earl Chase 0-0: Swinging Strike
0-1: Ball
1-1: Ball
2-1: Ball
3-1: Foul Ball, location: 2F
3-2: Base on Balls
Batting: RHB Bruce Foley 0-0: Foul Ball, location: 2F
0-1: Grounds into double play, 5-4-3 (Groundball, 56)
Batting: RHB Mitchell Pate 0-0: Ground out 6-3 (Groundball, 6)
Top of the 2nd over - 0 run(s), 0 hit(s), 0 error(s), 0 left on base; Georgetown 1 - Ohio State 3
BOTTOM OF THE 2ND
Ohio State Buckeyes batting - Pitching for Georgetown Hoyas : RHP Ira Saldańa
Batting: LHB Luis Antonio Cortéz 0-0: Ball
1-0: Ball
2-0: Ball
3-0: Called Strike
3-1: Base on Balls
Batting: RHB Dale Hernández 0-0: Called Strike
0-1: Ball
1-1: Called Strike
1-2: Fly out, F7 (Flyball, 7)
Batting: RHB Rudy Boyd 0-0: Ball
1-0: Grounds into double play, 1-6-3 (Groundball, 13)
Bottom of the 2nd over - 0 run(s), 0 hit(s), 0 error(s), 0 left on base; Georgetown 1 - Ohio State 3
TOP OF THE 3RD
Georgetown Hoyas batting - Pitching for Ohio State Buckeyes : RHP Peter Russell
Batting: RHB Terry Davis 0-0: Ball
1-0: Fly out, F7 (Flyball, 7S)
Batting: LHB Pedro Escobar 0-0: Ball
1-0: Ball
2-0: Foul Ball, location: 2F
2-1: Ball
3-1: Called Strike
3-2: Base on Balls
Batting: RHB Glenn Rojas 0-0: Fly out, F8 (Flyball, 8RD)
Batting: SHB Bob Allen 0-0: Ball
1-0: Ball
Pedro Escobar is caught stealing 2nd base
Top of the 3rd over - 0 run(s), 0 hit(s), 0 error(s), 0 left on base; Georgetown 1 - Ohio State 3
BOTTOM OF THE 3RD
Ohio State Buckeyes batting - Pitching for Georgetown Hoyas : RHP Ira Saldańa
Batting: RHB Josh Joyner 0-0: Called Strike
0-1: Fly out, F8 (Line Drive, 8RD)
Batting: LHB Kenneth Key 0-0: Foul Ball, location: 2F
0-1: Ball
1-1: Foul Ball, location: 2F
1-2: Fly out, F9 (Flyball, 9D)
Batting: RHB Jeff Peterson 0-0: Swinging Strike
0-1: Called Strike
0-2: Ball
1-2: Strikes out swinging
Bottom of the 3rd over - 0 run(s), 0 hit(s), 0 error(s), 0 left on base; Georgetown 1 - Ohio State 3
TOP OF THE 4TH
Georgetown Hoyas batting - Pitching for Ohio State Buckeyes : RHP Peter Russell
Batting: SHB Bob Allen 0-0: Ball
1-0: Foul Ball, location: 2F
1-1: Swinging Strike
1-2: Foul Ball, location: 2F
1-2: Strikes out swinging
Batting: RHB Louis Miller 0-0: Ball
1-0: Fly out, F9 (Flyball, 9LS)
Batting: RHB Javier Moreno 0-0: Called Strike
0-1: Ground out 3-1 (Groundball, 34S)
Top of the 4th over - 0 run(s), 0 hit(s), 0 error(s), 0 left on base; Georgetown 1 - Ohio State 3
BOTTOM OF THE 4TH
Ohio State Buckeyes batting - Pitching for Georgetown Hoyas : RHP Ira Saldańa
Batting: LHB Josh Armstrong 0-0: Ball
1-0: SINGLE (Groundball, 34D)
Batting: RHB Pat Dwyer 0-0: Ball
1-0: DOUBLE (Line Drive, 7)
Josh Armstrong to third
Batting: RHB Edgardo Gonzáles 0-0: Ground out 5-3 (Groundball, 56)
Josh Armstrong scores
Batting: LHB Luis Antonio Cortéz 0-0: Called Strike
0-1: 2-RUN HOME RUN (Line Drive, 7LD), Distance : 330 ft
Batting: RHB Dale Hernández 0-0: Ground out 5-3 (Groundball, 56)
Batting: RHB Rudy Boyd 0-0: Ball
1-0: Ball
2-0: Ball
3-0: Base on Balls
Batting: RHB Josh Joyner 0-0: Swinging Strike
0-1: Ball
1-1: Called Strike
1-2: Strikes out swinging
Bottom of the 4th over - 3 run(s), 3 hit(s), 0 error(s), 1 left on base; Georgetown 1 - Ohio State 6
TOP OF THE 5TH
Georgetown Hoyas batting - Pitching for Ohio State Buckeyes : RHP Peter Russell
Batting: RHB Earl Chase 0-0: Called Strike
0-1: Ball
1-1: Called Strike
1-2: Ball
2-2: Strikes out swinging
Batting: RHB Bruce Foley 0-0: Ball
1-0: Ball
2-0: Called Strike
2-1: Called Strike
2-2: Strikes out swinging
Batting: RHB Mitchell Pate 0-0: Swinging Strike
0-1: Foul Ball, location: 2F
0-2: Ball
1-2: Strikes out looking
Top of the 5th over - 0 run(s), 0 hit(s), 0 error(s), 0 left on base; Georgetown 1 - Ohio State 6
BOTTOM OF THE 5TH
Ohio State Buckeyes batting - Pitching for Georgetown Hoyas : RHP Ira Saldańa
Pitching: RHP Dan Gray
Batting: LHB Kenneth Key 0-0: Foul Ball, location: 2F
0-1: SOLO HOME RUN (Flyball, 9D), Distance : 360 ft
Batting: RHB Jeff Peterson 0-0: Fly out, F2 (Popup, 34S)
Batting: LHB Josh Armstrong 0-0: Called Strike
0-1: SINGLE (Flyball, 8LS)
Batting: RHB Pat Dwyer 0-0: Ball
1-0: Ball
2-0: Ball
3-0: Called Strike
3-1: Base on Balls
Josh Armstrong to second
Batting: RHB Edgardo Gonzáles 0-0: Swinging Strike
0-1: Ball
Passed Ball!
Josh Armstrong to third
Pat Dwyer to second
1-1: Called Strike
1-2: Ball
2-2: Ball
3-2: Strikes out swinging passed ball, reaches first!
Josh Armstrong scores
Pat Dwyer to third
Batting: LHB Luis Antonio Cortéz 0-0: Ball
1-0: Foul Ball, location: 2F
1-1: Ball
2-1: Ball
3-1: Called Strike
3-2: Base on Balls
Edgardo Gonzáles to second
Batting: RHB Dale Hernández 0-0: Ball
1-0: Ball
2-0: Foul Ball, location: 2F
2-1: Fly out, F7 (Flyball, 7LSF)
Runner from 3rd tags up, SCORES, no throw
Batting: RHB Rudy Boyd 0-0: Called Strike
0-1: Ball
1-1: Foul Ball, location: 2F
1-2: Fly out, F9 (Flyball, 9S)
Bottom of the 5th over - 3 run(s), 2 hit(s), 0 error(s), 2 left on base; Georgetown 1 - Ohio State 9
TOP OF THE 6TH
Georgetown Hoyas batting - Pitching for Ohio State Buckeyes : RHP Peter Russell
Batting: RHB Terry Davis 0-0: Foul Ball, location: 2F
0-1: Ground out 5-3 (Groundball, 56)
Batting: LHB Pedro Escobar 0-0: Called Strike
0-1: Ball
1-1: SINGLE (Flyball, 7S)
Batting: RHB Glenn Rojas 0-0: Ball
1-0: Grounds into double play, 6-4-3 (Groundball, 6)
Top of the 6th over - 0 run(s), 1 hit(s), 0 error(s), 0 left on base; Georgetown 1 - Ohio State 9
BOTTOM OF THE 6TH
Ohio State Buckeyes batting - Pitching for Georgetown Hoyas : RHP Dan Gray
Batting: RHB Josh Joyner 0-0: Ball
1-0: Called Strike
1-1: Foul Ball, location: 2F
1-2: TRIPLE (Flyball, 89D)
Batting: LHB Kenneth Key 0-0: Called Strike
0-1: Foul Ball, location: 2F
0-2: Ball
1-2: Foul Ball, location: 2F
1-2: Ball
2-2: Ball
3-2: Base on Balls
Batting: RHB Jeff Peterson 0-0: Called Strike
0-1: Foul Ball, location: 2F
0-2: Ball
1-2: Strikes out swinging
Batting: LHB Josh Armstrong 0-0: 3-RUN HOME RUN (Flyball, 8RXD), Distance : 409 ft
Pitching: LHP Gilbert Robinson
Batting: RHB Pat Dwyer 0-0: Swinging Strike
0-1: Foul Ball, location: 2F
0-2: Ball
1-2: Strikes out looking
Batting: RHB Edgardo Gonzáles 0-0: Swinging Strike
0-1: Ball
1-1: Swinging Strike
1-2: Ball
2-2: Strikes out swinging
Bottom of the 6th over - 3 run(s), 2 hit(s), 0 error(s), 0 left on base; Georgetown 1 - Ohio State 12
TOP OF THE 7TH
Georgetown Hoyas batting - Pitching for Ohio State Buckeyes : RHP Peter Russell
Batting: SHB Bob Allen 0-0: Ball
1-0: Foul Ball, location: 2F
1-1: Ground out 4-3 (Groundball, 4)
Pitching: RHP Matt Gorman
Batting: RHB Louis Miller 0-0: Ball
1-0: Ball
2-0: Called Strike
2-1: Foul Ball, location: 2F
2-2: Fly out, F7 (Flyball, 7)
Batting: RHB Javier Moreno 0-0: Ball
1-0: Ground out 6-3 (Groundball, 6)
Top of the 7th over - 0 run(s), 0 hit(s), 0 error(s), 0 left on base; Georgetown 1 - Ohio State 12
BOTTOM OF THE 7TH
Ohio State Buckeyes batting - Pitching for Georgetown Hoyas : LHP Gilbert Robinson
Batting: LHB Luis Antonio Cortéz 0-0: Ball
1-0: Ball
2-0: Ball
3-0: Base on Balls
Batting: RHB Dale Hernández 0-0: Ball
1-0: Ball
2-0: Ball
3-0: Base on Balls
Luis Antonio Cortéz to second
Batting: RHB Rudy Boyd 0-0: Fielders Choice at 2nd, 6-4 (Groundball, 6)
Luis Antonio Cortéz to third
Batting: RHB Josh Joyner 0-0: Ball
1-0: Ball
2-0: Ball
3-0: Base on Balls
Rudy Boyd to second
Batting: LHB Kenneth Key 0-0: Ball
1-0: Called Strike
1-1: Foul Ball, location: 2F
1-2: Foul Ball, location: 2F
1-2: Strikes out swinging
Batting: RHB Jeff Peterson 0-0: Ball
1-0: SINGLE (Line Drive, 8LS)
Luis Antonio Cortéz scores
Rudy Boyd to third
Josh Joyner to second
Runner from 3rd tries for Home, SAFE, no throw
Batting: LHB Josh Armstrong 0-0: Called Strike
0-1: Ball
1-1: Called Strike
1-2: Strikes out swinging
Bottom of the 7th over - 2 run(s), 1 hit(s), 0 error(s), 2 left on base; Georgetown 1 - Ohio State 14
TOP OF THE 8TH
Georgetown Hoyas batting - Pitching for Ohio State Buckeyes : RHP Matt Gorman
Now in LF: Ollie Buchanan
Now in RF: Abraham Horton
Batting: RHB Earl Chase 0-0: Ball
1-0: Called Strike
1-1: Ball
2-1: Reached on error, E5 (Groundball, 56S)
Batting: RHB Bruce Foley 0-0: Called Strike
0-1: Grounds into double play, 6-4-3 (Groundball, 56)
Batting: RHB Mitchell Pate 0-0: Ball
1-0: Ball
2-0: Called Strike
2-1: Fly out, F4 (Line Drive, 4)
Top of the 8th over - 0 run(s), 0 hit(s), 1 error(s), 0 left on base; Georgetown 1 - Ohio State 14
BOTTOM OF THE 8TH
Ohio State Buckeyes batting - Pitching for Georgetown Hoyas : LHP Gilbert Robinson
Batting: RHB Pat Dwyer 0-0: Ball
1-0: Called Strike
1-1: SOLO HOME RUN (Flyball, 9D), Distance : 348 ft
Pinch Hitting: RHB Tommy Miller 0-0: Ground out 4-3 (Groundball, 4M)
Batting: LHB Luis Antonio Cortéz 0-0: Fly out, F7 (Line Drive, 7)
Batting: RHB Dale Hernández 0-0: Ball
1-0: Ball
2-0: Ball
3-0: Base on Balls
Batting: RHB Rudy Boyd 0-0: Swinging Strike
0-1: Called Strike
0-2: Foul Ball, location: 2F
0-2: Strikes out swinging
Bottom of the 8th over - 1 run(s), 1 hit(s), 0 error(s), 1 left on base; Georgetown 1 - Ohio State 15
TOP OF THE 9TH
Georgetown Hoyas batting - Pitching for Ohio State Buckeyes : RHP Matt Gorman
Now at C: Travis Shannon
Now at 2B: Tommy Miller
Batting: RHB Terry Davis 0-0: Called Strike
0-1: Ball
1-1: Swinging Strike
1-2: Strikes out swinging
Batting: LHB Pedro Escobar 0-0: Ball
1-0: Foul Ball, location: 2F
1-1: SINGLE (Flyball, 89S)
Batting: RHB Glenn Rojas 0-0: Foul Ball, location: 2F
0-1: Ball
1-1: Called Strike
1-2: Ball
2-2: Foul Ball, location: 2F
2-2: Strikes out looking
Batting: SHB Bob Allen 0-0: Fly out, F3 (Popup, 3L)
Top of the 9th over - 0 run(s), 1 hit(s), 0 error(s), 1 left on base; Georgetown 1 - Ohio State 15
Tuesday, August 8th, 2017 - OOTP Baseball 17.12 Build 75